 Dungeon Crawl Stone Soup version 0.23.2-40-g277498a001 (webtiles) character file.

Game seed: 12325427394366570011

2611 Destapler the Skirmisher (level 9, -3/57 HPs)
             Began as a Deep Elf Venom Mage on Oct 14, 2019.
             Was an Initiate of Sif Muna.
             Slain by Harold
             ... wielding a +0 war axe
              (14 damage)
             ... on level 7 of the Dungeon.
             The game lasted 01:04:19 (8629 turns).

Destapler the Skirmisher (Deep Elf Venom Mage)      Turns: 8629, Time: 01:04:19

Health: -3/57      AC: 10    Str:  6    XL:     9   Next: 34%
Magic:  20/20      EV: 15    Int: 23    God:    Sif Muna [......]
Gold:   403        SH:  0    Dex: 15    Spells: 12/20 levels left

rFire    + . .     SeeInvis .   a - +5 spear
rCold    + . .     Gourm    .   (no shield)
rNeg     . . .     Faith    .   D - +2 robe {rC+ rF+}
rPois    +         Spirit   .   e - +2 helmet
rElec    .         Reflect  .   h - +1 cloak
rCorr    .         Harm     .   (no gloves)
MR       .....                  G - +0 pair of boots
Stlth    +++.......             f - amulet of the acrobat
HPRegen  0.19/turn              s - ring of poison resistance
MPRegen  0.17/turn              (no ring)

@: marked, flying, studying Fighting, drained
A: no striking features
a: Renounce Religion


You were on level 7 of the Dungeon.
You worshipped Sif Muna.
Sif Muna was noncommittal.
You were not hungry.

You visited 2 branches of the dungeon, and saw 8 of its levels.
You also visited: Sewer.

You collected 403 gold pieces.

Inventory:

Hand Weapons
 a - a +5 spear (weapon)
 b - a +0 whip of flaming
 K - a +2 dagger of speed
Missiles
 j - 211 stones (quivered)
 t - 7 javelins
 I - 3 tomahawks of dispersal
Armour
 e - a +2 helmet (worn)
 h - a +1 cloak (worn)
 D - a +2 robe of resistance (worn)
 G - a +0 pair of boots (worn)
Jewellery
 f - an amulet of the acrobat (around neck)
 s - a ring of poison resistance (left hand)
 M - a cursed ring of teleportation {unknown}
Wands
 B - a wand of polymorph (9)
 C - a wand of paralysis (4)
 E - a wand of acid (9)
 H - a wand of scattershot (6)
Scrolls
 d - 3 scrolls of identify
 l - a scroll of enchant armour {unknown}
 m - a scroll of teleportation
 o - a scroll of noise {unknown}
 q - 2 scrolls of enchant weapon
 r - a scroll of fog {unknown}
 x - a scroll of amnesia {unknown}
 y - 2 scrolls of magic mapping {unknown}
 A - a scroll of random uselessness {unknown}
Potions
 g - a potion of magic
 i - a potion of invisibility
 k - 3 potions of mutation
 u - a potion of ambrosia
 w - a potion of haste {unknown}
 z - a potion of curing
 F - a potion of agility {unknown}
 J - a potion of degeneration {unknown}
Books
 p - a manual of Fighting
Comestibles
 c - 13 rations
 L - a chunk of flesh


   Skills:
 * Level 7.2(6.4) Fighting
 + Level 6.1(5.3) Dodging
 + Level 6.3(5.5) Stealth
 + Level 6.0(5.1) Spellcasting
 - Level 5.0(4.1) Conjurations
 - Level 3.0(2.2) Air Magic
 - Level 5.0(4.2) Poison Magic
 + Level 4.4(3.5) Evocations


You had 12 spell levels left.
You knew the following spells:

 Your Spells              Type           Power        Failure   Level  Hunger
a - Sting                 Conj/Pois      ####         1%          1    None
b - Mephitic Cloud        Conj/Pois/Air  ###.....     6%          3    ##.....
c - Olgreb's Toxic Radia  Pois           ####....     16%         4    ####...

Your spell library contained the following spells:

 Spells                   Type           Power        Failure   Level  Hunger
 Poisonous Vapours        Pois/Air       ###...       3%          2    None
 Venom Bolt               Conj/Pois      ####......   41%         5    #####..


Dungeon Overview and Level Annotations

Branches:
Dungeon (7/15)             Temple (1/1) D:5

Altars:
Ashenzari
Cheibriados
Dithmenos
Elyvilon
Fedhas
Gozag
Hepliaklqana
Kikubaaqudgha
Makhleb
Nemelex Xobeh
Okawaru
Qazlal
Ru
Sif Muna
Trog
Uskayaw
Vehumet
Xom
Yredelemnul
Zin

Annotations:
D:3 1 runed translucent door, Grinder; grouchysmurf's ghost, amateur MiFi
D:7 Harold


Message History

You puncture the wight!
You destroy the wight!
Sif Muna accepts your kill.
Your base Spellcasting skill increases to level 6!
You closely miss the wight. The wight closely misses you.
You barely miss the wight. The wight barely misses you.
You hit the wight.
The wight is moderately damaged.
You barely miss Harold.
An orc comes into view. It is wielding a +0 short sword.
You hit Harold.
Harold is lightly wounded.
Harold yells, "I don't have all day!"
Harold hits you with a +0 war axe!
* * * LOW HITPOINT WARNING * * *
An orc priest comes into view. It is wielding a +0 war axe.
You hit Harold.
Harold is lightly wounded.
Harold hits you with a +0 war axe!
You die...

.### #.#.# .#
#####.#.# .#
...#(#.# .###
##### #.#(#.###
...#
#<..######.......#
##.#
###.#.......zo...#
#รท#.#
#.#.#####zSco.(#
#.#.#
#.#.######@#.###
##.#.#
#.#......@.#>#
...#.#
#.##########.#
.###.# #.# #.#
.'.#.# #.# .#
.#.#.###.#
.#..[.)[[#
.###.#####
.........#
..##.#.###


You could see Harold, a centaur, a wight, an orc priest, an adder and an orc.

Vanquished Creatures
  Pikel (D:5)
  Menkaure (D:5)
  2 orc warriors (D:6)
  A sky beast (D:5)
  4 slaves
  An ogre (D:6)
  3 centaurs
  3 bullfrogs
  A wight (D:7)
  A howler monkey (D:5)
  A crimson imp (D:6)
  A bullfrog zombie (D:5)
  4 jellies
  2 hounds (D:6)
  7 orc priests
  A centaur skeleton (D:4)
  9 orc wizards
  Jessica (D:2)
  Natasha (thrice) (D:3)
  4 worker ants
  7 adders
  3 shadow imps
  An ooze (D:5)
  An adder skeleton (D:6)
  4 worms
  2 dart slugs
  12 leopard geckos
  25 orcs
  2 ball pythons
  20 giant cockroaches
  6 goblins
  9 hobgoblins
  8 kobolds
  2 quokkas (D:7)
  4 bats (D:3)
  10 frilled lizards
  A jackal skeleton (D:6)
  A leopard gecko skeleton (D:4)
  A leopard gecko zombie (D:6)
  2 quokka zombies
  9 rats
181 creatures vanquished.

Notes
Turn   | Place    | Note
-------+----------+-------------------------------------------
     0 | D:1      | Destapler the Deep Elf Venom Mage began the quest for the
                  | Orb.
     0 | D:1      | Reached XP level 1. HP: 10/10 MP: 6/6
   194 | D:1      | Reached XP level 2. HP: 16/16 MP: 4/8
   680 | D:1      | Reached skill level 1 in Fighting
   897 | D:1      | Reached XP level 3. HP: 20/20 MP: 9/9
  1722 | D:2      | Noticed Jessica
  1726 | D:2      | Killed Jessica
  1726 | D:2      | Reached XP level 4. HP: 17/25 MP: 6/11
  1878 | D:2      | Found an iron altar of Okawaru.
  2051 | D:3      | Found a glowing drain.
  2163 | Sewer    | Entered a sewer
  2337 | Sewer    | Reached XP level 5. HP: 28/29 MP: 1/12
  2581 | Sewer    | Learned a level 3 spell: Mephitic Cloud
  2624 | D:3      | Found a glowing silver altar of Zin.
  2632 | D:3      | Found a hazy altar of Hepliaklqana.
  2636 | D:3      | Found a sparkling altar of Nemelex Xobeh.
  2848 | D:3      | Found a shadowy altar of Dithmenos.
  2849 | D:3      | Noticed Grinder
  2890 | D:3      | Noticed Natasha
  2896 | D:3      | Killed Natasha
  2896 | D:3      | Reached skill level 2 in Fighting
  2918 | D:3      | Found a runed translucent door.
  2919 | D:3      | Noticed grouchysmurf's ghost (amateur MiFi)
  2946 | D:3      | Noticed Natasha
  2991 | D:3      | Killed Natasha
  2991 | D:3      | Reached skill level 1 in Air Magic
  2991 | D:3      | Reached XP level 6. HP: 26/35 MP: 7/13
  3484 | D:3      | Noticed Natasha
  3502 | D:3      | Killed Natasha
  4694 | D:4      | Reached XP level 7. HP: 40/40 MP: 3/14
  4787 | D:4      | Reached skill level 1 in Evocations
  4832 | D:4      | Found a burning altar of Makhleb.
  4832 | D:4      | Noticed a blizzard demon
  4836 | D:4      | Noticed an orange demon
  4836 | D:4      | Noticed a hellwing
  4896 | D:5      | Entered Level 5 of the Dungeon
  4896 | D:5      | Found a hide-covered altar of Uskayaw.
  5220 | D:5      | Noticed Menkaure
  5267 | D:5      | Reached skill level 3 in Fighting
  5439 | D:5      | Noticed Pikel
  5587 | D:5      | Killed Pikel
  5587 | D:5      | Reached skill level 4 in Fighting
  5587 | D:5      | Reached skill level 5 in Spellcasting
  5587 | D:5      | Reached skill level 5 in Poison Magic
  5587 | D:5      | Reached XP level 8. HP: 31/48 MP: 1/17
  5778 | D:6      | Reached skill level 5 in Dodging
  5778 | D:6      | Reached skill level 5 in Stealth
  5854 | D:6      | Reached skill level 5 in Fighting
  6226 | D:5      | Found a staircase to the Ecumenical Temple.
  6236 | Temple   | Entered the Ecumenical Temple
  6457 | Temple   | Became a worshipper of Sif Muna the Loreminder
  6526 | D:5      | Found a shimmering altar of Xom.
  6536 | D:5      | Found a bloodstained altar of Trog.
  6721 | D:5      | Killed Menkaure
  7282 | D:6      | Reached skill level 5 in Conjurations
  7293 | D:6      | Learned a level 4 spell: Olgreb's Toxic Radiance
  7496 | D:6      | Reached skill level 6 in Fighting
  7545 | D:6      | Found a snail-covered altar of Cheibriados.
  7656 | D:6      | Reached XP level 9. HP: 52/56 MP: 2/19
  8540 | D:7      | Reached skill level 7 in Fighting
  8579 | D:7      | Noticed Harold
  8620 | D:7      | HP: 1/57 [wight/+3 long sword (4)]
  8629 | D:7      | Slain by Harold

Skill      XL: |  1  2  3  4  5  6  7  8  9 |
---------------+----------------------------+-----
Fighting       | 1 2 4 6 7 |  7.2
Dodging        | 3 4 5 6 |  6.1
Conjurations   | 2 3 4 5 |  5.0
Stealth        | 3 4 5 6 |  6.3
Poison Magic   | 4 5 |  5.0
Air Magic      | 1 3 |  3.0
Spellcasting   | 5 6 |  6.0
Evocations     | 2 3 4 |  4.4

Action                   |  1- 3 |  4- 6 |  7- 9 || total
-------------------------+-------+-------+-------++-------
Melee: Unarmed           |     6 |       |       ||     6
       Dagger            |     7 |    73 |    12 ||    92
       Spear             |       |       |   210 ||   210
       Whip              |       |       |     7 ||     7
Throw: Stone             |       |     6 |    10 ||    16
 Cast: Sting             |    62 |   170 |   172 ||   404
       Mephitic Cloud    |       |     6 |    15 ||    21
       Olgreb's Toxic Ra |       |       |     3 ||     3
  Use: Scroll            |       |     7 |     4 ||    11
       Potion            |       |     1 |     4 ||     5
 Stab: Sleeping          |     4 |     7 |     1 ||    12
       Confused          |       |       |     2 ||     2
  Eat: Chunk             |     2 |    10 |    10 ||    22
       Ration            |       |       |     1 ||     1
Armor: Robe              |     3 |    39 |    81 ||   123
Dodge: Dodged            |     9 |    92 |   231 ||   332
